 Dungeon Crawl Stone Soup version 0.24-a0-201-gf205589 (webtiles) character file.

Game seed: 9546797628081529083

1245 Ivan the Cleaver (level 8, 0/70 HPs)
             Began as a Hill Orc Fighter on Mar 22, 2019.
             Was a Follower of Beogh.
             Killed by nerve-wracking pain
             ... invoked by Grinder
              (13 damage)
             ... on level 6 of the Dungeon on Mar 23, 2019.
             The game lasted 00:17:29 (4258 turns).

Ivan the Cleaver (Hill Orc Fighter)                 Turns: 4258, Time: 00:17:29

Health: 0/70       AC: 10    Str: 21    XL:     8   Next: 50%
Magic:  8/8        EV:  8    Int:  8    God:    Beogh [*.....]
Gold:   265        SH: 10    Dex: 10    Spells: 7/7 levels left

rFire    . . .     SeeInvis .   a - +0 war axe
rCold    . . .     Gourm    .   c - +0 shield
rNeg     . . .     Faith    .   b - +0 scale mail
rPois    .         Spirit   .   h - +0 helmet
rElec    .         Reflect  .   (no cloak)
rCorr    .         Harm     .   (no gloves)
MR       .....                  i - +0 pair of boots
Stlth    ..........             t - amulet of rage
HPRegen  0.21/turn              x - ring of flight
MPRegen  0.11/turn              (no ring)

@: no status effects
A: no striking features
a: Renounce Religion, Evoke Berserk Rage, Evoke Flight


You were on level 6 of the Dungeon.
You worshipped Beogh.
Beogh was aware of your devotion.
You were hungry.

You visited 1 branch of the dungeon, and saw 6 of its levels.

You collected 265 gold pieces.

Inventory:

Hand Weapons
 a - a +0 war axe (weapon)
Armour
 b - a +0 scale mail (worn)
 c - a +0 shield (worn)
 h - a +0 helmet (worn)
 i - a +0 pair of boots (worn)
 B - a scarf of repulsion
Jewellery
 l - an uncursed amulet of regeneration
 t - an amulet of rage (around neck)
 x - a ring of flight (left hand)
Wands
 A - a wand of random effects (15)
 C - a wand of flame (16)
 D - a wand of digging (3)
Scrolls
 e - 2 scrolls of enchant weapon {unknown}
 g - 2 scrolls of magic mapping {unknown}
 j - 2 scrolls of immolation {unknown}
 o - 2 scrolls of identify {unknown}
 p - a scroll of blinking {unknown}
 q - 2 scrolls of remove curse {unknown}
 u - a scroll of amnesia {unknown}
 v - a scroll of fear {unknown}
 y - a scroll of random uselessness {unknown}
 E - a scroll of teleportation {unknown}
Potions
 d - 2 potions of might
 k - a potion of lignification {unknown}
 m - 2 potions of agility
 n - a potion of brilliance
 r - a potion of haste {unknown}
 s - a potion of flight {unknown}
 w - 2 potions of curing
 z - 2 potions of resistance {unknown}
Comestibles
 f - 7 rations


   Skills:
 + Level 5.7 Fighting
 + Level 9.0 Axes
 + Level 5.5 Armour
 + Level 1.8 Dodging
 + Level 5.6 Shields
 + Level 0.5 Evocations


You had 7 spell levels left.
You didn't know any spells.
Your spell library contained the following spells:

 Spells                   Type           Power        Failure   Level  Hunger
 Magic Dart               Conj           #...         98%         1    ##.....
 Searing Ray              Conj           #.....       99%         2    ###....
 Dazzling Spray           Conj/Hex       #.....       100%        3    ####...
 Force Lance              Conj/Tloc      #.......     100%        4    #####..
 Fulminant Prism          Conj/Hex       #.........   100%        4    #####..
 Iskenderun's Mystic Bla  Conj           #.......     100%        4    #####..


Dungeon Overview and Level Annotations

Branches:
Dungeon (6/15)             Temple (0/1) D:5

Altars:
Fedhas
Gozag
Okawaru
Zin
The Shining One

Annotations:
D:6 Grinder


Message History

* * * LOW HITPOINT WARNING * * *
The hound zombie bites you but does no damage.
Grinder blinks!
The hound zombie bites you but does no damage.
Grinder blinks!
The hound zombie bites you.
* * * LOW HITPOINT WARNING * * *
You can move again.
You slash the hound zombie!
You destroy the hound zombie!
Beogh accepts your kill.
Grinder blinks!
You start resting.
Grinder is too close now for your liking.
Grinder gestures at you. You resist with some effort.
You start resting.
Grinder is too close now for your liking.
Grinder gestures at you. Pain shoots through your body!
You die...

#.......###.##.#...#
#.#..##.# #.......##
#.##.##.# ####.####
#.#..##.# #.#
#.#.###.# #.#
#.#.###.# #.#
#.......# #.# #
###.##### #.#
....#####@# #.#
........5.# #.#
.##.#######


You could see Grinder.

Vanquished Creatures
  A water moccasin (D:6)
  A phantom (D:5)
  An ice beast (D:5)
  2 ogres (D:6)
  2 bullfrogs
  4 crimson imps
  3 hounds
  2 orc priests
  An orc wizard (D:5)
  Terence (D:2)
  A worker ant (D:4)
  A hound zombie (D:6)
  6 gnolls
  A howler monkey skeleton (D:6)
  11 adders
  2 oozes (D:1)
  2 worms (D:5)
  2 dart slugs
  5 leopard geckos
  8 orcs
  5 giant cockroaches
  8 goblins
  5 hobgoblins
  4 jackals (D:1)
  7 kobolds
  2 quokkas
  2 ball pythons (D:1)
  5 bats
  6 frilled lizards
  A jackal skeleton (D:2)
  A leopard gecko skeleton (D:4)
  4 rats
107 creatures vanquished.

Vanquished Creatures (others)
  An orc wizard (D:4)
1 creature vanquished.

Grand Total: 108 creatures vanquished

Notes
Turn   | Place    | Note
-------+----------+-------------------------------------------
     0 | D:1      | Ivan the Hill Orc Fighter began the quest for the Orb.
     0 | D:1      | Reached XP level 1. HP: 19/19 MP: 1/1
   236 | D:1      | Reached XP level 2. HP: 27/27 MP: 2/2
   462 | D:1      | Reached skill level 3 in Axes
   473 | D:1      | Reached XP level 3. HP: 25/33 MP: 3/3
  1053 | D:2      | Reached skill level 4 in Axes
  1053 | D:2      | Reached XP level 4. HP: 40/40 MP: 4/4
  1337 | D:2      | Noticed Terence
  1346 | D:2      | Killed Terence
  1346 | D:2      | Reached XP level 5. HP: 42/46 MP: 5/5
  1387 | D:3      | Reached skill level 5 in Axes
  1387 | D:3      | Reached skill level 1 in Dodging
  1711 | D:3      | Reached XP level 6. HP: 53/53 MP: 6/6
  1901 | D:3      | Became a worshipper of Beogh the Brigand
  2495 | D:4      | Reached skill level 6 in Axes
  3209 | D:5      | Entered Level 5 of the Dungeon
  3216 | D:5      | Found a staircase to the Ecumenical Temple.
  3244 | D:5      | Noticed a phantom
  3380 | D:5      | Killed a phantom
  3380 | D:5      | Reached XP level 7. HP: 16/60 MP: 7/7
  3432 | D:5      | Reached skill level 5 in Fighting
  3432 | D:5      | Reached skill level 7 in Axes
  3432 | D:5      | Reached skill level 5 in Armour
  3635 | D:5      | Found a glowing golden altar of the Shining One.
  3689 | D:5      | Found a glowing silver altar of Zin.
  3740 | D:5      | Found a blossoming altar of Fedhas.
  3861 | D:6      | Reached * piety under Beogh
  3861 | D:6      | Reached skill level 5 in Shields
  3870 | D:6      | Found an opulent altar of Gozag.
  3987 | D:6      | Reached skill level 8 in Axes
  3987 | D:6      | Reached XP level 8. HP: 68/68 MP: 8/8
  4102 | D:6      | Found an iron altar of Okawaru.
  4211 | D:6      | Reached skill level 9 in Axes
  4223 | D:6      | Noticed Grinder
  4232 | D:6      | Paralysed by Grinder for 5 turns
  4239 | D:6      | Paralysed by Grinder for 6 turns
  4258 | D:6      | Killed from afar by Grinder

Levels and vault maps discovered:
D:1:      shiori_shiawase, layout_loops_corners, grunt_decor_resistance
D:2:      layout_basic, first_ration, uniq_terence
D:3:      layout_basic
D:4:      layout_loops_ring
D:5:      layout_rooms, overflow_temple_1_default, fedhas_altar_2,
          nicolae_tso_swordbearing_angel, minmay_temple_entry_statues_pillars
D:6:      layout_loops_corners, nicolae_gozag_seed_capital, okawaru_trees_2,
          grunt_temple_overflow_diamond, chequers_serial_rivers_micro_c,
          uniq_eustachio, uniq_grinder

Skill      XL: |  1  2  3  4  5  6  7  8 |
---------------+-------------------------+-----
Axes           | 3 4 5 6 8 9 |  9.0
Fighting       | 4 5 |  5.7
Armour         | 4 5 |  5.5
Shields        | 4 5 |  5.6
Dodging        | 1 |  1.8
Evocations     | |  0.5

Action                   |  1- 3 |  4- 6 |  7- 9 || total
-------------------------+-------+-------+-------++-------
Melee: War axe           |   120 |   224 |   141 ||   485
Invok: Convert to Beogh  |       |     1 |       ||     1
 Abil: Evoke Berserk Rag |       |       |     2 ||     2
  Use: Potion            |       |     3 |       ||     3
  Eat: Chunk             |       |     5 |     1 ||     6
       Ration            |       |     1 |     1 ||     2
Armor: Scale mail        |    56 |   101 |    62 ||   219
Dodge: Dodged            |    35 |    78 |    48 ||   161
Block: Shield            |    59 |   113 |    63 ||   235

Table legend:
 A = Non-vault XP
 B = Vault XP
 C = Vault XP percentage of total XP
 D = Non-vault monster count
 E = Vault monster count
 F = Vault count percentage of total count
                 A         B        C        D         E       F
            +---------+---------+-------+---------+---------+-------
      Total |    1743 |      36 |   2.0 |     107 |       1 |   0.9
            +---------+---------+-------+---------+---------+-------
        D:1 |      64 |       0 |   0.0 |      31 |       0 |   0.0
        D:2 |      73 |      36 |  33.0 |      15 |       1 |   6.2
        D:3 |     216 |       0 |   0.0 |      21 |       0 |   0.0
        D:4 |     113 |       0 |   0.0 |       7 |       0 |   0.0
        D:5 |     480 |       0 |   0.0 |      17 |       0 |   0.0
        D:6 |     797 |       0 |   0.0 |      16 |       0 |   0.0
            +---------+---------+-------+---------+---------+-------
